Map: Catalyst LE

Players

Truth

  • Race: Terran Terran
  • Spawn Location: 5:00

Elazer - Winner!

  • Race: Zerg Zerg
  • Spawn Location: 11:00

Event: WCS Austin 2018

VOD

Have the link to the VOD?

Description

Time

  • Played on: June 1, 2018, 2:20 p.m.
  • Length: 8:31

All games in this series

Show
View Real Time Build Order
Export as new Build Order

Truth Terran 

Build Orders: Reaper Expand, Hellion Banshee, Mech 

Get SALT Encoding   

  12  0:00  SCV  
  13  0:12  SCV  
  14  0:17  Supply Depot  
  14  0:24  SCV  
  14  0:27  Refinery  
  15  0:38  SCV  
  16  0:44  Barracks  
  16  0:50  SCV  
  17  1:03  SCV  
  18  1:15  SCV  
  19  1:32  Orbital Command, Reaper  
  20  1:47  Command Center  
  20  1:57  SCV  
  21  2:02  Factory  
  21  2:07  Barracks Reactor  
  21  2:10  SCV  
  21  2:15  Supply Depot  
  22  2:21  Refinery  
  22  2:22  SCV  
  23  2:36  SCV  
  24  2:50  Starport, SCV  
  25  2:53  Hellion x2  
  29  3:01  Orbital Command  
  29  3:02  SCV  
  29  3:03  Barracks Tech Lab  
  30  3:14  Hellion, SCV  
  30  3:15  Hellion  
  35  3:26  SCV  
  36  3:29  SCV  
  36  3:32  Viking  
  39  3:38  SCV  
  40  3:43  Hellion x2, Supply Depot  
  40  3:45  SCV  
  45  3:50  SCV  
  45  3:52  Cloaking Field  
  46  4:05  SCV x2  
  41  4:12  Hellion x2  
  43  4:17  SCV x2  
  43  4:18  Supply Depot  
  43  4:19  Banshee, Supply Depot  
  48  4:29  SCV x2  
  44  4:40  Hellion  
  44  4:41  Hellion, SCV  
  44  4:45  Command Center  
  49  4:47  SCV  
  50  4:53  SCV  
  50  4:56  Supply Depot  
  50  4:59  SCV  
  52  5:05  SCV  
  53  5:09  Hellion  
  53  5:10  Hellion  
  53  5:11  SCV  
  53  5:13  Supply Depot  
  58  5:17  Barracks Reactor, SCV  
  58  5:20  Factory x2  
  59  5:23  SCV  
  60  5:28  Refinery  
  60  5:29  SCV  
  60  5:30  Refinery  
  61  5:35  SCV  
  61  5:39  Hellion x2  
  61  5:40  Banshee  
  61  5:41  SCV  
  70  5:47  SCV  
  71  5:54  SCV  
  72  6:00  SCV  
  72  6:03  Cyclone x2  
  52  6:04  Orbital Command  
  79  6:06  SCV  
  79  6:09  Factory Tech Lab x2  
  80  6:12  SCV  
  80  6:18  SCV  
  82  6:24  SCV  
  80  6:28  Factory  
  80  6:29  Factory  
  80  6:30  SCV  
  80  6:32  Siege Tank x2  
  85  6:33  SCV  
  85  6:36  SCV  
  85  6:38  Widow Mine x2  
  90  6:42  SCV  
  90  6:45  SCV  
  92  6:48  SCV  
  93  6:54  SCV  
  93  6:56  Supply Depot  
  93  6:57  Orbital Command, Supply Depot x2  
  93  7:00  SCV  
  95  7:04  Siege Tank  
  95  7:06  Siege Tank  
  101  7:08  Refinery  
  101  7:12  Refinery  
  101  7:18  SCV x2  
  97  7:34  Hellion, Siege Tank  
  97  7:35  Hellion x3  
  97  7:36  SCV x2  
  106  7:41  SCV  
  107  7:45  Armory  
  107  7:48  SCV x2  
  109  7:51  Command Center  
  109  7:53  SCV  
  110  7:59  Siege Tank x2  
  110  8:00  SCV x2  
  110  8:04  Hellion  
  110  8:05  Hellion x2, SCV  
  125  8:13  Armory  
  119  8:20  Supply Depot  
  119  8:21  Supply Depot  
Show
View Real Time Build Order
Export as new Build Order

Elazer Zerg - Winner!

Build Orders: Hatch First 

Get SALT Encoding   

  12  0:00  Drone  
  13  0:12  Overlord  
  13  0:17  Drone  
  14  0:30  Drone x2  
  16  0:48  Hatchery  
  15  0:51  Drone  
  15  0:55  Drone  
  17  0:58  Drone  
  18  1:09  Extractor  
  17  1:13  Spawning Pool  
  17  1:16  Drone  
  17  1:20  Drone  
  18  1:37  Drone  
  19  1:48  Drone  
  20  1:57  Drone  
  20  2:00  Queen x2  
  25  2:02  Zergling x4  
  27  2:20  Hatchery  
  26  2:24  Overlord  
  26  2:27  Drone  
  26  2:29  Drone  
  28  2:38  Metabolic Boost  
  28  2:43  Drone x3  
  31  2:50  Queen  
  33  2:54  Overlord  
  33  2:59  Drone  
  33  3:02  Drone  
  33  3:03  Drone  
  36  3:13  Drone x4  
  36  3:14  Drone  
  36  3:19  Overlord  
  41  3:22  Drone  
  41  3:25  Queen  
  44  3:31  Overlord  
  44  3:38  Zergling x2  
  44  3:39  Zergling x4  
  47  3:43  Zergling x8  
  47  3:48  Overlord  
  51  3:50  Drone  
  52  3:56  Drone  
  52  3:57  Drone x2  
  52  3:58  Drone x2  
  57  4:07  Drone x2  
  54  4:10  Drone  
  54  4:14  Drone x4  
  59  4:18  Overlord  
  59  4:19  Drone x3  
  59  4:22  Drone  
  63  4:24  Roach Warren  
  63  4:25  Drone  
  63  4:30  Drone  
  62  4:32  Drone  
  62  4:36  Drone  
  61  4:41  Lair  
  61  4:43  Spore Crawler x2, Drone x2  
  61  4:44  Extractor  
  61  4:45  Drone, Extractor  
  59  4:47  Spore Crawler, Drone  
  59  4:51  Queen  
  59  4:52  Drone  
  63  4:53  Drone  
  63  4:57  Drone x3  
  67  5:01  Overlord  
  67  5:02  Drone x2  
  67  5:03  Drone  
  67  5:06  Drone  
  71  5:07  Drone  
  72  5:14  Overlord  
  72  5:16  Drone  
  72  5:17  Overlord  
  73  5:24  Roach x3, Zergling x4  
  73  5:26  Overlord  
  81  5:30  Evolution Chamber  
  81  5:32  Overlord  
  81  5:33  Evolution Chamber, Queen, Extractor  
  81  5:34  Zergling x4  
  82  5:36  Overlord  
  82  5:37  Drone  
  82  5:39  Drone  
  84  5:42  Overseer  
  84  5:43  Drone  
  84  5:44  Overseer  
  84  5:46  Drone x4  
  89  5:50  Extractor  
  89  5:55  Overlord  
  88  5:58  Drone x2  
  88  6:01  Zerg Ground Armor Level 1, Zerg Missile Weapons Level 1  
  88  6:02  Glial Reconstitution  
  88  6:03  Overlord  
  90  6:12  Overlord  
  90  6:14  Roach x5  
  98  6:21  Overlord  
  98  6:24  Roach x4  
  106  6:27  Overlord  
  106  6:30  Overlord  
  106  6:33  Roach  
  106  6:37  Hatchery, Extractor  
  106  6:39  Drone x2  
  108  6:41  Drone  
  108  6:42  Drone  
  108  6:43  Overlord  
  110  6:49  Roach x3  
  116  6:56  Overlord  
  116  6:59  Roach x5  
  116  7:01  Ravager x4  
  130  7:06  Overlord  
  130  7:10  Roach  
  130  7:11  Roach x3  
  130  7:14  Overlord  
  138  7:18  Roach x3  
  144  7:27  Roach x6  
  148  7:34  Roach x3  
  149  7:39  Roach x2  
  153  7:47  Ravager  
  153  7:48  Ravager x2  
  153  7:49  Ravager  
  157  7:52  Roach x4  
  157  7:57  Roach x4  
  173  8:02  Ravager  
  173  8:05  Overlord  
  174  8:07  Roach x3  
  174  8:12  Roach  
Tags
 
Add a new tag
Caveats
  • Supply blocks, unpowered buildings, or Contaminate may cause inaccurate times.
  • Supply counts are checked every 10 seconds.